Jets vs Golden Knights

Created - May 3, 2020 at 19:09

Goals
1 2 3 T
Jets 1 1 2 4
Golden Knights 3 0 3 6
Shots
1 2 3 T
Jets 10 10 13 33
Golden Knights 13 9 9 31

1st period

1. Jets , Derek Stepan 34 (Adam Henrique 53, Eric Gelinas 21) at 1:40
2. Golden Knights , Andrei Loktionov 24 (Michael Frolik 42, Jared Cowen 23) at 11:44
3. Golden Knights , Matt Stajan 20 (Andrei Loktionov 44) at 16:10 (SH)
4. Golden Knights , Michael Frolik 39 (Andrei Loktionov 45) at 19:55

Penalties :
Derek Roy (Win) for Tripping (Minor) at 5:38, Mathew Dumba (Vgs) for Slashing (Minor) at 14:28

2nd period

5. Jets , Kevin Hayes 12 (Erik Haula 14, Derek Roy 22) at 12:12

Penalties :
No Penalty

3rd period

6. Golden Knights , Wayne Simmonds 25 (Matt Stajan 30, Ilya Kovalchuk 32) at 0:37
7. Jets , Derek Roy 16 (Sam Gagner 17, Oscar Klefbom 16) at 9:57
8. Golden Knights , Matt Stajan 21 (Ilya Kovalchuk 33, Wayne Simmonds 35) at 12:11
9. Jets , Adam Henrique 38 (Derek Stepan 72) at 13:47 (PP)
10. Golden Knights , Ilya Kovalchuk 25 (Andrei Loktionov 46) at 17:10 (PP)

Penalties :
Zach Bogosian (Vgs) for Tripping (Minor) at 1:07, Michael Frolik (Vgs) for Hooking (Minor) at 12:20, Ilya Kovalchuk (Vgs) for Holding (Minor) at 14:15, Marco Scandella (Win) for Hooking (Minor) at 17:05, Nathan Paetsch (Vgs) for High sticking (Minor) at 18:18

Goalie Stats

Jonathan Bernier (Win), 25 saves from 31 shots - (0.806), L, 22-23-2, 60:00 minutes
Robin Lehner (Vgs), 29 saves from 33 shots - (0.879), W, 30-28-9, 60:00 minutes

Players Stats for Jets

Player Name              G  A  P  +/- PIM S  H  SB GA TA FO     MP     PP MP  PK MP  
------------------------------------------------------------------------------------
Adam Henrique            1  1  2  -2  0   3  2  1  1  0  1/2    22:41   5:27   0:00 
Bobby Ryan               0  0  0  -1  0   3  1  1  0  0  0/1    21:55   3:38   1:05 
Derek Roy                1  1  2   1  2   2  2  0  0  1  1/6    10:59   0:00   0:00 
Derek Stepan             1  1  2  -2  0   7  5  2  1  2  20/41  22:41   5:27   0:00 
Eric Gelinas             0  1  1   1  0   0  0  0  1  0  0/0    17:58   3:16   0:35 
Erik Haula               0  1  1   1  0   0  2  1  3  0  1/3    12:18   0:00   1:23 
Jacob Trouba             0  0  0  -1  0   0  2  1  0  2  0/0    12:07   0:00   0:35 
Jared Spurgeon           0  0  0  -1  0   0  1  4  0  0  0/0    11:32   0:00   0:00 
Kevin Hayes              1  0  1   1  0   2  0  0  0  0  0/0    10:55   0:00   0:00 
Marco Scandella          0  0  0  -2  2   3  1  3  0  2  0/0    30:24   5:49   1:24 
Marcus Johansson         0  0  0  -1  0   5  2  0  1  0  0/0    16:31   3:38   0:18 
Nikolay Goldobin         0  0  0   0  0   0  0  0  0  0  0/0     8:02   0:00   0:00 
Nino Niederreiter        0  0  0  -2  0   2  1  1  0  0  0/1    18:50   5:27   0:41 
Oscar Klefbom            0  1  1   1  0   0  0  0  0  1  0/0    17:28   3:16   0:05 
Ronalds Kenins           0  0  0   0  0   0  0  2  0  0  0/0     8:02   0:00   0:00 
Ryan Johansen            0  0  0  -1  0   1  1  2  0  0  7/17   16:59   3:38   0:41 
Sam Gagner               0  1  1   0  0   2  1  1  1  0  2/6     8:02   0:00   0:00 
Tyler Myers              0  0  0  -2  0   3  3  4  2  3  0/0    30:30   5:49   1:29 

Players Stats for Golden Knights

Player Name              G  A  P  +/- PIM S  H  SB GA TA FO     MP     PP MP  PK MP  
------------------------------------------------------------------------------------
Alex Tanguay             0  0  0  -1  0   3  0  0  0  0  1/2    12:13   0:00   1:54 
Andrei Loktionov         1  3  4   2  0   3  2  1  1  0  18/33  20:09   1:24   1:33 
Brandon Bollig           0  0  0  -1  0   0  0  0  0  0  0/0     7:00   0:00   0:00 
Chris Higgins            0  0  0   1  0   4  2  0  0  0  2/2    17:54   0:40   0:00 
Damien Brunner           0  0  0  -1  0   1  0  1  0  0  0/0     7:00   0:00   0:00 
Ilya Kovalchuk           1  2  3   2  2   2  4  0  2  0  4/9    20:18   1:24   4:35 
Jared Cowen              0  1  1   1  0   2  0  2  1  2  0/0    28:40   1:24   5:38 
Mathew Dumba             0  0  0  -1  2   0  0  0  0  0  0/0    11:48   0:00   1:07 
Matt Stajan              2  1  3   3  0   4  1  1  0  1  9/16   17:32   0:40   2:43 
Maxim Lapierre           0  0  0  -1  0   1  1  0  0  0  5/8    13:11   0:00   2:53 
Michael Frolik           1  1  2   1  2   2  1  1  3  1  3/3    23:19   1:24   4:32 
Michael Kostka           0  0  0   2  0   2  0  0  0  0  0/0    20:50   0:40   3:27 
Nathan Paetsch           0  0  0  -1  2   0  0  0  0  1  0/0    11:16   0:00   0:11 
Ole-Kristian Tollefsen   0  0  0   2  0   1  0  2  0  2  0/0    20:03   0:40   3:16 
Patrice Cormier          0  0  0  -1  0   1  0  0  0  0  2/3     7:00   0:00   0:00 
Steve Bernier            0  0  0  -1  0   0  0  0  0  0  1/1    10:16   0:00   0:00 
Wayne Simmonds           1  1  2   2  0   3  0  0  1  1  0/0    14:48   0:40   0:00 
Zach Bogosian            0  0  0   1  2   2  1  1  3  2  0/0    27:33   1:24   4:31 

3 Stars

1 - Matt Stajan (Vgs)
2 - Andrei Loktionov (Vgs)
3 - Ilya Kovalchuk (Vgs)

Power Play

Jets - 1 on 5 Attempt(s) - 20.00%
Golden Knights - 1 on 2 Attempt(s) - 50.00%

Penalty Kill

Jets - 1 on 2 Attempt(s) - 50.00% - Score 0 goal in Penalty Kill
Golden Knights - 4 on 5 Attempt(s) - 80.00% - Score 1 goal in Penalty Kill

Team Stat

Jets - Hits : 24 - Faceoff Wins : 32 - Blocked Shots : 23 - Penalty Minutes : 4
Golden Knights - Hits : 12 - Faceoff Wins : 45 - Blocked Shots : 9 - Penalty Minutes : 10

Official

Referees : Unknown
Linesman : Unknown

Game Notes

No Game Note

Finance

Level 1 -- Attendance: 5609 (93.48%) -- Ticket Income $521,637
Level 2 -- Attendance: 4652 (93.04%) -- Ticket Income $274,468
Level 3 -- Attendance: 1789 (89.45%) -- Ticket Income $69,771
Level 4 -- Attendance: 4000 (100.00%) -- Ticket Income $108,000
Luxury Box -- Attendance: 1000 (100.00%) -- Ticket Income $160,000
Game was played at the Duff Garden.
Total Attendance: 17050 (94.72%)
Total Ticket Income: $1,133,876
Other Income: $170,081
Total Income: $1,303,957

Jets

5 vs 5 Forward 
   Center                   Left Wing                Right Wing               Time % Phy DF OF 
 1 Derek Stepan             Adam Henrique            Bobby Ryan               40     1   2  2  
 2 Ryan Johansen            Marcus Johansson         Nino Niederreiter        32     1   2  2  
 3 Derek Roy                Erik Haula               Kevin Hayes              22     1   2  2  
 4 Sam Gagner               Ronalds Kenins           Nikolay Goldobin         6      1   2  2  

5 vs 5 Defense 
   Defense                  Defense                                           Time % Phy DF OF 
 1 Marco Scandella          Tyler Myers                                       40     2   2  1  
 2 Eric Gelinas             Oscar Klefbom                                     30     1   2  2  
 3 Jared Spurgeon           Jacob Trouba                                      20     1   2  2  
 4 Marco Scandella          Tyler Myers                                       10     1   2  2  

PowerPlay Forward 
   Center                   Left Wing                Right Wing               Time % Phy DF OF 
 1 Derek Stepan             Adam Henrique            Nino Niederreiter        60     1   0  4  
 2 Ryan Johansen            Marcus Johansson         Bobby Ryan               40     0   0  5  

PowerPlay Defense
   Defense                  Defense                                           Time % Phy DF OF 
 1 Marco Scandella          Tyler Myers                                       60     0   1  4  
 2 Eric Gelinas             Oscar Klefbom                                     40     0   1  4  

Penalty Kill 4 Players Forward 
   Center                   Wing                     Time % Phy DF OF 
 1 Erik Haula               Bobby Ryan               60     1   3  1  
 2 Ryan Johansen            Nino Niederreiter        40     2   3  0  

Penalty Kill 4 Players Defense
   Defense                  Defense                  Time % Phy DF OF 
 1 Marco Scandella          Tyler Myers              60     1   4  0  
 2 Jacob Trouba             Eric Gelinas             40     1   4  0  

Penalty Kill - 3 Players Forward 
   Forward                                           Time % Phy DF OF 
 1 Erik Haula                                        60     0   4  1  
 2 Nino Niederreiter                                 40     0   4  1  

Penalty Kill - 3 Players Defense
   Defense                  Defense                  Time % Phy DF OF 
 1 Marco Scandella          Tyler Myers              60     0   4  1  
 2 Eric Gelinas             Jacob Trouba             40     0   4  1  

4 vs 4 Forward 
   Center                   Wing                     Time % Phy DF OF 
 1 Derek Stepan             Adam Henrique            60     1   2  2  
 2 Ryan Johansen            Marcus Johansson         40     1   2  2  

4 vs 4 Defense
   Defense                  Defense                  Time % Phy DF OF 
 1 Marco Scandella          Eric Gelinas             60     1   2  2  
 2 Tyler Myers              Oscar Klefbom            40     1   2  2  

Last Minutes Offensive
   Center                   Left Wing                Right Wing               Defense                  Defense                  
   Derek Stepan             Adam Henrique            Nino Niederreiter        Oscar Klefbom            Marco Scandella          

Last Minutes Defensive
   Center                   Left Wing                Right Wing               Defense                  Defense                  
   Ryan Johansen            Erik Haula               Nino Niederreiter        Marco Scandella          Tyler Myers              

Goaltenders
Starting : Jonathan Bernier         
Backup : Kari Lehtonen            

Extra Forwards
Normal : Ryan Johansen, Erik Haula, Marcus Johansson - PP : Derek Stepan, Adam Henrique - PK : Bobby Ryan
Extra Defensemen
Normal : Tyler Myers, Marco Scandella, Eric Gelinas - PP : Tyler Myers - PK : Marco Scandella, Eric Gelinas
Penalty Shots
Ryan Johansen, Erik Haula, Adam Henrique, Sam Gagner, Marcus Johansson

Scratches
None

Golden Knights

5 vs 5 Forward 
   Center                   Left Wing                Right Wing               Time % Phy DF OF 
 1 Andrei Loktionov         Chris Higgins            Michael Frolik           40     1   2  2  
 2 Matt Stajan              Ilya Kovalchuk           Wayne Simmonds           30     1   2  2  
 3 Maxim Lapierre           Alex Tanguay             Steve Bernier            20     1   2  2  
 4 Patrice Cormier          Brandon Bollig           Damien Brunner           10     1   2  2  

5 vs 5 Defense 
   Defense                  Defense                                           Time % Phy DF OF 
 1 Zach Bogosian            Jared Cowen                                       40     1   2  2  
 2 Michael Kostka           Ole-Kristian Tollefsen                            30     1   2  2  
 3 Nathan Paetsch           Mathew Dumba                                      20     1   2  2  
 4 Zach Bogosian            Jared Cowen                                       10     1   2  2  

PowerPlay Forward 
   Center                   Left Wing                Right Wing               Time % Phy DF OF 
 1 Andrei Loktionov         Ilya Kovalchuk           Michael Frolik           60     1   2  2  
 2 Matt Stajan              Chris Higgins            Wayne Simmonds           40     1   2  2  

PowerPlay Defense
   Defense                  Defense                                           Time % Phy DF OF 
 1 Zach Bogosian            Jared Cowen                                       60     1   2  2  
 2 Michael Kostka           Ole-Kristian Tollefsen                            40     1   2  2  

Penalty Kill 4 Players Forward 
   Center                   Wing                     Time % Phy DF OF 
 1 Ilya Kovalchuk           Michael Frolik           60     1   2  2  
 2 Andrei Loktionov         Matt Stajan              40     1   2  2  

Penalty Kill 4 Players Defense
   Defense                  Defense                  Time % Phy DF OF 
 1 Zach Bogosian            Jared Cowen              60     1   2  2  
 2 Michael Kostka           Ole-Kristian Tollefsen   40     1   2  2  

Penalty Kill - 3 Players Forward 
   Forward                                           Time % Phy DF OF 
 1 Ilya Kovalchuk                                    60     1   2  2  
 2 Michael Frolik                                    40     1   2  2  

Penalty Kill - 3 Players Defense
   Defense                  Defense                  Time % Phy DF OF 
 1 Zach Bogosian            Jared Cowen              60     1   2  2  
 2 Michael Kostka           Ole-Kristian Tollefsen   40     1   2  2  

4 vs 4 Forward 
   Center                   Wing                     Time % Phy DF OF 
 1 Ilya Kovalchuk           Michael Frolik           60     1   2  2  
 2 Andrei Loktionov         Matt Stajan              40     1   2  2  

4 vs 4 Defense
   Defense                  Defense                  Time % Phy DF OF 
 1 Zach Bogosian            Jared Cowen              60     1   2  2  
 2 Michael Kostka           Ole-Kristian Tollefsen   40     1   2  2  

Last Minutes Offensive
   Center                   Left Wing                Right Wing               Defense                  Defense                  
   Andrei Loktionov         Ilya Kovalchuk           Michael Frolik           Zach Bogosian            Jared Cowen              

Last Minutes Defensive
   Center                   Left Wing                Right Wing               Defense                  Defense                  
   Andrei Loktionov         Ilya Kovalchuk           Michael Frolik           Zach Bogosian            Jared Cowen              

Goaltenders
Starting : Robin Lehner             
Backup : Matt Hackett             

Extra Forwards
Normal : Alex Tanguay, Steve Bernier, Maxim Lapierre - PP : Alex Tanguay, Steve Bernier - PK : Maxim Lapierre
Extra Defensemen
Normal : Nathan Paetsch, Mathew Dumba, Michael Kostka - PP : Nathan Paetsch - PK : Mathew Dumba, Michael Kostka
Penalty Shots
Ilya Kovalchuk, Michael Frolik, Andrei Loktionov, Matt Stajan, Wayne Simmonds

Scratches
Vladimir Mihalik (Bruised Left Foot Injury)

% Time on Ice - Jets

Lines # - Real PCT - Wanted PCT - Time Play
Normal Forward
1 - 35% - 40% - 17:14
2 - 26% - 32% - 12:40
3 - 22% - 22% - 10:55
4 - 16% - 6% - 8:02
Normal Defense
1 - 41% - 40% - 19:57
2 - 29% - 30% - 14:07
3 - 24% - 20% - 11:32
4 - 7% - 10% - 3:15
PP Forward
1 - 60% - 60% - 5:27
2 - 40% - 40% - 3:38
PP Defense
1 - 64% - 60% - 5:49
2 - 36% - 40% - 3:16
PK Forward
1 - 67% - 60% - 1:23
2 - 33% - 40% - 0:41
PK Defense
1 - 72% - 60% - 1:29
2 - 28% - 40% - 0:35
PK3 Forward
1 - 0% - 60%
2 - 0% - 40%
PK3 Defense
1 - 0% - 60%
2 - 0% - 40%
44 Forward
1 - 0% - 60%
2 - 0% - 40%
44 Defense
1 - 0% - 60%
2 - 0% - 40%
Last Minute Offensive  - 0:00
Last Minute Defensive  - 0:00
Total
Forward - 60:00
Defense - 60:00

% Time on Ice - Golden Knights

Lines # - Real PCT - Wanted PCT - Time Play
Normal Forward
1 - 36% - 40% - 17:27
2 - 29% - 30% - 14:08
3 - 21% - 20% - 10:16
4 - 14% - 10% - 7:00
Normal Defense
1 - 40% - 40% - 19:33
2 - 33% - 30% - 16:07
3 - 21% - 20% - 10:30
4 - 5% - 10% - 2:41
PP Forward
1 - 68% - 60% - 1:24
2 - 32% - 40% - 0:40
PP Defense
1 - 68% - 60% - 1:24
2 - 32% - 40% - 0:40
PK Forward
1 - 83% - 60% - 7:32
2 - 17% - 40% - 1:33
PK Defense
1 - 64% - 60% - 5:49
2 - 36% - 40% - 3:16
PK3 Forward
1 - 0% - 60%
2 - 0% - 40%
PK3 Defense
1 - 0% - 60%
2 - 0% - 40%
44 Forward
1 - 0% - 60%
2 - 0% - 40%
44 Defense
1 - 0% - 60%
2 - 0% - 40%
Last Minute Offensive  - 0:00
Last Minute Defensive  - 0:00
Total
Forward - 60:00
Defense - 60:00

Play-by-Play

1st period


0:01 of 1st period - Derek Stepan wins face-off versus Andrei Loktionov in neutral zone.
0:04 of 1st period - Wrist shot by Derek Stepan.
0:04 of 1st period - Stopped by Robin Lehner without a rebound.
0:05 of 1st period - Derek Stepan wins face-off versus Andrei Loktionov in Golden Knights zone.
0:53 of 1st period - Wrist shot by Sam Gagner.
0:53 of 1st period - Shot Blocked by Jared Cowen.
1:19 of 1st period - Wrist shot by Steve Bernier.
1:19 of 1st period - Shot Misses the Net.
1:27 of 1st period - Jared Cowen is hit by Erik Haula and loses puck.
1:40 of 1st period - Snap shot by Derek Stepan.
1:40 of 1st period - Goal by Derek Stepan - Jets : 1 - Golden Knights : 0.
1:41 of 1st period - Ryan Johansen wins face-off versus Patrice Cormier in neutral zone.
1:46 of 1st period - Wrist shot by Marcus Johansson.
1:46 of 1st period - Stopped by Robin Lehner with a rebound.
1:48 of 1st period - Snap shot by Ryan Johansen.
1:48 of 1st period - Stopped by Robin Lehner without a rebound.
1:49 of 1st period - Patrice Cormier wins face-off versus Ryan Johansen in Golden Knights zone.
1:49 of 1st period - Patrice Cormier is hit by Jacob Trouba.
2:41 of 1st period - Slapshot by Ilya Kovalchuk.
2:41 of 1st period - Stopped by Jonathan Bernier without a rebound.
2:42 of 1st period - Matt Stajan wins face-off versus Derek Roy in Jets zone.
3:09 of 1st period - Mathew Dumba is hit by Tyler Myers and loses puck.
3:33 of 1st period - Snap shot by Steve Bernier.
3:33 of 1st period - Shot Blocked by Ronalds Kenins.
3:35 of 1st period - Wrist shot by Steve Bernier.
3:35 of 1st period - Deflect By Nikolay Goldobin.
3:35 of 1st period - Shot Blocked by Ronalds Kenins.
3:35 of 1st period - Puck is out of play.
3:36 of 1st period - Derek Stepan wins face-off versus Alex Tanguay in Jets zone.
3:51 of 1st period - Backhand shot by Derek Stepan.
3:51 of 1st period - Stopped by Robin Lehner with a rebound.
4:03 of 1st period - Wrist shot by Andrei Loktionov.
4:03 of 1st period - Shot Blocked by Nino Niederreiter.
4:05 of 1st period - Snap shot by Michael Frolik.
4:05 of 1st period - Shot Misses the Net.
4:07 of 1st period - Snap shot by Michael Kostka.
4:07 of 1st period - Stopped by Jonathan Bernier without a rebound.
4:08 of 1st period - Andrei Loktionov wins face-off versus Derek Roy in Jets zone.
4:19 of 1st period - Snap shot by Andrei Loktionov.
4:19 of 1st period - Stopped by Jonathan Bernier without a rebound.
4:20 of 1st period - Matt Stajan wins face-off versus Derek Stepan in Jets zone.
4:25 of 1st period - Snap shot by Matt Stajan.
4:25 of 1st period - Stopped by Jonathan Bernier without a rebound.
4:26 of 1st period - Derek Stepan wins face-off versus Matt Stajan in Jets zone.
5:14 of 1st period - Off-side.
5:15 of 1st period - Andrei Loktionov wins face-off versus Derek Roy in neutral zone.
5:24 of 1st period - Wrist shot by Andrei Loktionov.
5:24 of 1st period - Stopped by Jonathan Bernier with a rebound.
5:26 of 1st period - Snap shot by Michael Frolik.
5:26 of 1st period - Shot Blocked by Erik Haula.
5:38 of 1st period - Minor Penalty to Derek Roy for Tripping.
5:39 of 1st period - Andrei Loktionov wins face-off versus Erik Haula in Jets zone.
6:08 of 1st period - Tyler Myers is hit by Ilya Kovalchuk and loses puck.
6:22 of 1st period - Icing by Ilya Kovalchuk.
6:23 of 1st period - Andrei Loktionov wins face-off versus Ryan Johansen in Golden Knights zone.
7:12 of 1st period - Andrei Loktionov is hit by Erik Haula and loses puck.
7:38 of 1st period - Penalty to Derek Roy is over, Derek Roy is back on ice.
8:09 of 1st period - Snap shot by Patrice Cormier.
8:09 of 1st period - Shot Misses the Net.
8:11 of 1st period - Wrist shot by Patrice Cormier.
8:11 of 1st period - Shot Misses the Net.
8:13 of 1st period - Slapshot by Mathew Dumba.
8:13 of 1st period - Deflect By Patrice Cormier.
8:13 of 1st period - Shot Misses the Net.
8:13 of 1st period - Puck is out of play.
8:14 of 1st period - Steve Bernier wins face-off versus Nino Niederreiter in Jets zone.
8:27 of 1st period - Snap shot by Alex Tanguay.
8:27 of 1st period - Shot Misses the Net.
8:29 of 1st period - Slapshot by Ole-Kristian Tollefsen.
8:29 of 1st period - Shot Blocked by Jared Spurgeon.
9:11 of 1st period - Snap shot by Derek Roy.
9:11 of 1st period - Deflect By Erik Haula.
9:11 of 1st period - Shot Misses the Net.
9:11 of 1st period - Puck is out of play.
9:12 of 1st period - Ryan Johansen wins face-off versus Andrei Loktionov in Golden Knights zone.
9:25 of 1st period - Slapshot by Marcus Johansson.
9:25 of 1st period - Stopped by Robin Lehner with a rebound.
10:29 of 1st period - Off-side.
10:30 of 1st period - Andrei Loktionov wins face-off versus Ryan Johansen in neutral zone.
11:28 of 1st period - Slapshot by Patrice Cormier.
11:28 of 1st period - Shot Misses the Net.
11:30 of 1st period - Wrist shot by Nathan Paetsch.
11:30 of 1st period - Shot Blocked by Jacob Trouba.
11:32 of 1st period - Slapshot by Patrice Cormier.
11:32 of 1st period - Shot Blocked by Jared Spurgeon.
11:44 of 1st period - Snap shot by Andrei Loktionov.
11:44 of 1st period - Goal by Andrei Loktionov - Jets : 1 - Golden Knights : 1.
11:45 of 1st period - Chris Higgins wins face-off versus Derek Stepan in neutral zone.
12:12 of 1st period - Snap shot by Alex Tanguay.
12:12 of 1st period - Stopped by Jonathan Bernier without a rebound.
12:13 of 1st period - Ryan Johansen wins face-off versus Maxim Lapierre in Jets zone.
12:26 of 1st period - Wrist shot by Maxim Lapierre.
12:26 of 1st period - Stopped by Jonathan Bernier with a rebound.
13:01 of 1st period - Eric Gelinas is hit by Matt Stajan and loses puck.
13:29 of 1st period - Wrist shot by Sam Gagner.
13:29 of 1st period - Stopped by Robin Lehner without a rebound.
13:30 of 1st period - Andrei Loktionov wins face-off versus Bobby Ryan in Golden Knights zone.
14:08 of 1st period - Slapshot by Marcus Johansson.
14:08 of 1st period - Shot Misses the Net.
14:10 of 1st period - Slapshot by Marco Scandella.
14:10 of 1st period - Shot Misses the Net.
14:28 of 1st period - Minor Penalty to Mathew Dumba for Slashing.
14:29 of 1st period - Derek Stepan wins face-off versus Ilya Kovalchuk in Golden Knights zone.
14:39 of 1st period - Jared Cowen is hit by Derek Stepan and loses puck.
16:08 of 1st period - Icing by Tyler Myers.
16:09 of 1st period - Andrei Loktionov wins face-off versus Derek Stepan in Jets zone.
16:10 of 1st period - Snap shot by Matt Stajan.
16:10 of 1st period - Goal by Matt Stajan - Jets : 1 - Golden Knights : 2.
16:11 of 1st period - Ilya Kovalchuk wins face-off versus Derek Stepan in neutral zone.
16:28 of 1st period - Penalty to Mathew Dumba is over, Mathew Dumba is back on ice.
16:39 of 1st period - Off-side.
16:40 of 1st period - Maxim Lapierre wins face-off versus Sam Gagner in neutral zone.
16:55 of 1st period - Snap shot by Steve Bernier.
16:55 of 1st period - Shot Misses the Net.
17:51 of 1st period - Snap shot by Chris Higgins.
17:51 of 1st period - Stopped by Jonathan Bernier with a rebound.
17:53 of 1st period - Slapshot by Ole-Kristian Tollefsen.
17:53 of 1st period - Deflect By Oscar Klefbom.
17:53 of 1st period - Stopped by Jonathan Bernier without a rebound.
17:54 of 1st period - Derek Stepan wins face-off versus Matt Stajan in Jets zone.
17:59 of 1st period - Wrist shot by Matt Stajan.
17:59 of 1st period - Deflect By Ilya Kovalchuk.
17:59 of 1st period - Shot Misses the Net.
17:59 of 1st period - Puck is out of play.
18:00 of 1st period - Derek Stepan wins face-off versus Matt Stajan in Jets zone.
18:07 of 1st period - Ilya Kovalchuk is hit by Derek Stepan and loses puck.
18:22 of 1st period - Tyler Myers is hit by Zach Bogosian and loses puck.
18:40 of 1st period - Slapshot by Marco Scandella.
18:40 of 1st period - Deflect By Adam Henrique.
18:40 of 1st period - Stopped by Robin Lehner with a rebound.
18:42 of 1st period - Snap shot by Bobby Ryan.
18:42 of 1st period - Shot Misses the Net.
18:44 of 1st period - Slapshot by Marco Scandella.
18:44 of 1st period - Stopped by Robin Lehner without a rebound.
18:45 of 1st period - Ryan Johansen wins face-off versus Andrei Loktionov in Golden Knights zone.
18:50 of 1st period - Slapshot by Marcus Johansson.
18:50 of 1st period - Stopped by Robin Lehner without a rebound.
18:51 of 1st period - Andrei Loktionov wins face-off versus Ryan Johansen in Golden Knights zone.
18:51 of 1st period - Andrei Loktionov is hit by Ryan Johansen.
19:37 of 1st period - Off-side.
19:38 of 1st period - Matt Stajan wins face-off versus Derek Stepan in neutral zone.
19:47 of 1st period - Snap shot by Wayne Simmonds.
19:47 of 1st period - Stopped by Jonathan Bernier without a rebound.
19:48 of 1st period - Andrei Loktionov wins face-off versus Derek Stepan in Jets zone.
19:53 of 1st period - Snap shot by Chris Higgins.
19:53 of 1st period - Deflect By Michael Frolik.
19:53 of 1st period - Shot Blocked by Tyler Myers.
19:53 of 1st period - Puck is out of play.
19:54 of 1st period - Andrei Loktionov wins face-off versus Derek Stepan in Jets zone.
19:55 of 1st period - Snap shot by Michael Frolik.
19:55 of 1st period - Goal by Michael Frolik - Jets : 1 - Golden Knights : 3.
19:56 of 1st period - Ryan Johansen wins face-off versus Andrei Loktionov in neutral zone.
Goals for this period are 1 for Jets vs 3 for Golden Knights.
Shots for this period are 10 for Jets vs 13 for Golden Knights.

2nd period


0:01 of 2nd period - Andrei Loktionov wins face-off versus Derek Stepan in neutral zone.
1:16 of 2nd period - Backhand shot by Eric Gelinas.
1:16 of 2nd period - Shot Blocked by Damien Brunner.
1:58 of 2nd period - Snap shot by Wayne Simmonds.
1:58 of 2nd period - Shot Misses the Net.
2:00 of 2nd period - Slapshot by Michael Kostka.
2:00 of 2nd period - Shot Blocked by Jared Spurgeon.
4:32 of 2nd period - Icing by Sam Gagner.
4:33 of 2nd period - Andrei Loktionov wins face-off versus Sam Gagner in Jets zone.
4:34 of 2nd period - Slapshot by Chris Higgins.
4:34 of 2nd period - Shot Blocked by Tyler Myers.
4:38 of 2nd period - Wrist shot by Michael Frolik.
4:38 of 2nd period - Shot Misses the Net.
4:40 of 2nd period - Wrist shot by Michael Frolik.
4:40 of 2nd period - Shot Blocked by Tyler Myers.
4:42 of 2nd period - Slapshot by Jared Cowen.
4:42 of 2nd period - Shot Blocked by Marco Scandella.
4:44 of 2nd period - Snap shot by Michael Frolik.
4:44 of 2nd period - Shot Misses the Net.
5:05 of 2nd period - Wrist shot by Bobby Ryan.
5:05 of 2nd period - Shot Misses the Net.
5:11 of 2nd period - Slapshot by Adam Henrique.
5:11 of 2nd period - Stopped by Robin Lehner with a rebound.
5:23 of 2nd period - Wrist shot by Nino Niederreiter.
5:23 of 2nd period - Stopped by Robin Lehner with a rebound.
5:45 of 2nd period - Slapshot by Zach Bogosian.
5:45 of 2nd period - Shot Misses the Net.
5:47 of 2nd period - Backhand shot by Jared Cowen.
5:47 of 2nd period - Stopped by Jonathan Bernier with a rebound.
5:49 of 2nd period - Slapshot by Zach Bogosian.
5:49 of 2nd period - Stopped by Jonathan Bernier without a rebound.
5:50 of 2nd period - Derek Stepan wins face-off versus Andrei Loktionov in Jets zone.
5:55 of 2nd period - Slapshot by Jared Spurgeon.
5:55 of 2nd period - Deflect By Derek Stepan.
5:55 of 2nd period - Stopped by Robin Lehner with a rebound.
5:57 of 2nd period - Slapshot by Jared Spurgeon.
5:57 of 2nd period - Shot Blocked by Ole-Kristian Tollefsen.
5:59 of 2nd period - Slapshot by Bobby Ryan.
5:59 of 2nd period - Stopped by Robin Lehner with a rebound.
6:01 of 2nd period - Slapshot by Jacob Trouba.
6:01 of 2nd period - Shot Misses the Net.
6:17 of 2nd period - Michael Kostka is hit by Jared Spurgeon and loses puck.
7:05 of 2nd period - Slapshot by Derek Roy.
7:05 of 2nd period - Deflect By Sam Gagner.
7:05 of 2nd period - Shot Misses the Net.
7:05 of 2nd period - Puck is out of play.
7:06 of 2nd period - Sam Gagner wins face-off versus Andrei Loktionov in Golden Knights zone.
7:11 of 2nd period - Slapshot by Sam Gagner.
7:11 of 2nd period - Stopped by Robin Lehner without a rebound.
7:12 of 2nd period - Sam Gagner wins face-off versus Andrei Loktionov in Golden Knights zone.
7:23 of 2nd period - Snap shot by Chris Higgins.
7:23 of 2nd period - Stopped by Jonathan Bernier with a rebound.
7:41 of 2nd period - Wrist shot by Matt Stajan.
7:41 of 2nd period - Stopped by Jonathan Bernier with a rebound.
8:26 of 2nd period - Wrist shot by Alex Tanguay.
8:26 of 2nd period - Deflect By Steve Bernier.
8:26 of 2nd period - Shot Misses the Net.
8:26 of 2nd period - Puck is out of play.
8:27 of 2nd period - Maxim Lapierre wins face-off versus Derek Stepan in Jets zone.
8:32 of 2nd period - Wrist shot by Maxim Lapierre.
8:32 of 2nd period - Deflect By Steve Bernier.
8:32 of 2nd period - Shot Blocked by Jared Spurgeon.
8:32 of 2nd period - Puck is out of play.
8:33 of 2nd period - Derek Stepan wins face-off versus Andrei Loktionov in Jets zone.
8:33 of 2nd period - Derek Stepan is hit by Andrei Loktionov.
8:45 of 2nd period - Snap shot by Derek Stepan.
8:45 of 2nd period - Shot Misses the Net.
9:18 of 2nd period - Wrist shot by Patrice Cormier.
9:18 of 2nd period - Deflect By Damien Brunner.
9:18 of 2nd period - Shot Blocked by Ryan Johansen.
9:18 of 2nd period - Puck is out of play.
9:19 of 2nd period - Patrice Cormier wins face-off versus Derek Stepan in Jets zone.
9:20 of 2nd period - Snap shot by Damien Brunner.
9:20 of 2nd period - Shot Misses the Net.
9:26 of 2nd period - Wrist shot by Derek Stepan.
9:26 of 2nd period - Stopped by Robin Lehner without a rebound.
9:27 of 2nd period - Derek Stepan wins face-off versus Andrei Loktionov in Golden Knights zone.
10:24 of 2nd period - Off-side.
10:25 of 2nd period - Adam Henrique wins face-off versus Andrei Loktionov in neutral zone.
10:28 of 2nd period - Michael Frolik is hit by Derek Stepan and loses puck.
10:40 of 2nd period - Ole-Kristian Tollefsen is hit by Derek Stepan and loses puck.
11:15 of 2nd period - Snap shot by Erik Haula.
11:15 of 2nd period - Deflect By Derek Roy.
11:15 of 2nd period - Shot Misses the Net.
11:15 of 2nd period - Puck is out of play.
11:16 of 2nd period - Erik Haula wins face-off versus Maxim Lapierre in Golden Knights zone.
12:12 of 2nd period - Slapshot by Erik Haula.
12:12 of 2nd period - Deflect By Kevin Hayes.
12:12 of 2nd period - Goal by Kevin Hayes - Jets : 2 - Golden Knights : 3.
12:13 of 2nd period - Derek Stepan wins face-off versus Andrei Loktionov in neutral zone.
12:16 of 2nd period - Chris Higgins is hit by Adam Henrique and loses puck.
12:26 of 2nd period - Icing by Nathan Paetsch.
12:27 of 2nd period - Andrei Loktionov wins face-off versus Derek Stepan in Golden Knights zone.
13:18 of 2nd period - Slapshot by Michael Frolik.
13:18 of 2nd period - Shot Misses the Net.
13:32 of 2nd period - Wrist shot by Chris Higgins.
13:32 of 2nd period - Stopped by Jonathan Bernier without a rebound.
13:33 of 2nd period - Matt Stajan wins face-off versus Ryan Johansen in Jets zone.
13:58 of 2nd period - Jared Cowen is hit by Derek Roy and loses puck.
16:12 of 2nd period - Andrei Loktionov is hit by Derek Stepan and loses puck.
16:29 of 2nd period - Snap shot by Damien Brunner.
16:29 of 2nd period - Stopped by Jonathan Bernier with a rebound.
16:31 of 2nd period - Snap shot by Patrice Cormier.
16:31 of 2nd period - Stopped by Jonathan Bernier without a rebound.
16:32 of 2nd period - Ryan Johansen wins face-off versus Matt Stajan in Jets zone.
16:37 of 2nd period - Nino Niederreiter is hit by Ilya Kovalchuk and loses puck.
17:46 of 2nd period - Snap shot by Damien Brunner.
17:46 of 2nd period - Shot Misses the Net.
17:52 of 2nd period - Wrist shot by Patrice Cormier.
17:52 of 2nd period - Shot Misses the Net.
17:54 of 2nd period - Snap shot by Patrice Cormier.
17:54 of 2nd period - Shot Blocked by Marco Scandella.
18:08 of 2nd period - Snap shot by Marcus Johansson.
18:08 of 2nd period - Shot Blocked by Zach Bogosian.
18:10 of 2nd period - Wrist shot by Ryan Johansen.
18:10 of 2nd period - Shot Misses the Net.
18:12 of 2nd period - Snap shot by Nino Niederreiter.
18:12 of 2nd period - Shot Blocked by Matt Stajan.
18:14 of 2nd period - Slapshot by Ryan Johansen.
18:14 of 2nd period - Deflect By Marcus Johansson.
18:14 of 2nd period - Stopped by Robin Lehner with a rebound.
18:16 of 2nd period - Slapshot by Tyler Myers.
18:16 of 2nd period - Shot Misses the Net.
18:26 of 2nd period - Oscar Klefbom is hit by Andrei Loktionov.
18:36 of 2nd period - Slapshot by Michael Frolik.
18:36 of 2nd period - Shot Misses the Net.
18:38 of 2nd period - Slapshot by Zach Bogosian.
18:38 of 2nd period - Shot Misses the Net.
18:40 of 2nd period - Snap shot by Zach Bogosian.
18:40 of 2nd period - Stopped by Jonathan Bernier without a rebound.
18:41 of 2nd period - Maxim Lapierre wins face-off versus Ryan Johansen in Jets zone.
18:46 of 2nd period - Snap shot by Alex Tanguay.
18:46 of 2nd period - Stopped by Jonathan Bernier without a rebound.
18:47 of 2nd period - Maxim Lapierre wins face-off versus Ryan Johansen in Jets zone.
18:52 of 2nd period - Snap shot by Alex Tanguay.
18:52 of 2nd period - Shot Blocked by Ryan Johansen.
19:00 of 2nd period - Snap shot by Maxim Lapierre.
19:00 of 2nd period - Shot Misses the Net.
19:16 of 2nd period - Snap shot by Derek Stepan.
19:16 of 2nd period - Stopped by Robin Lehner without a rebound.
19:17 of 2nd period - Andrei Loktionov wins face-off versus Derek Stepan in Golden Knights zone.
19:32 of 2nd period - Slapshot by Tyler Myers.
19:32 of 2nd period - Stopped by Robin Lehner without a rebound.
19:33 of 2nd period - Matt Stajan wins face-off versus Ryan Johansen in Golden Knights zone.
19:38 of 2nd period - Marcus Johansson is hit by Ilya Kovalchuk and loses puck.
19:45 of 2nd period - Matt Stajan is hit by Marcus Johansson and loses puck.
Goals for this period are 1 for Jets vs 0 for Golden Knights.
Shots for this period are 10 for Jets vs 9 for Golden Knights.

3rd period


0:01 of 3rd period - Michael Frolik wins face-off versus Adam Henrique in neutral zone.
0:08 of 3rd period - Slapshot by Jared Cowen.
0:08 of 3rd period - Shot Blocked by Derek Stepan.
0:14 of 3rd period - Wrist shot by Bobby Ryan.
0:14 of 3rd period - Stopped by Robin Lehner with a rebound.
0:26 of 3rd period - Wayne Simmonds is hit by Nino Niederreiter and loses puck.
0:35 of 3rd period - Snap shot by Matt Stajan.
0:35 of 3rd period - Shot Blocked by Tyler Myers.
0:37 of 3rd period - Snap shot by Wayne Simmonds.
0:37 of 3rd period - Goal by Wayne Simmonds - Jets : 2 - Golden Knights : 4.
0:38 of 3rd period - Derek Stepan wins face-off versus Andrei Loktionov in neutral zone.
0:41 of 3rd period - Backhand shot by Bobby Ryan.
0:41 of 3rd period - Shot Misses the Net.
0:55 of 3rd period - Snap shot by Andrei Loktionov.
0:55 of 3rd period - Shot Blocked by Derek Stepan.
1:07 of 3rd period - Minor Penalty to Zach Bogosian for Tripping.
1:08 of 3rd period - Derek Stepan wins face-off versus Ilya Kovalchuk in Golden Knights zone.
1:24 of 3rd period - Snap shot by Marco Scandella.
1:24 of 3rd period - Deflect By Jared Cowen.
1:24 of 3rd period - Stopped by Robin Lehner with a rebound.
3:07 of 3rd period - Penalty to Zach Bogosian is over, Zach Bogosian is back on ice.
3:17 of 3rd period - Snap shot by Patrice Cormier.
3:17 of 3rd period - Shot Misses the Net.
3:23 of 3rd period - Slapshot by Kevin Hayes.
3:23 of 3rd period - Stopped by Robin Lehner with a rebound.
3:49 of 3rd period - Alex Tanguay is hit by Derek Roy and loses puck.
4:33 of 3rd period - Erik Haula is hit by Maxim Lapierre and loses puck.
4:42 of 3rd period - Maxim Lapierre is hit by Jacob Trouba and loses puck.
5:14 of 3rd period - Snap shot by Ryan Johansen.
5:14 of 3rd period - Shot Misses the Net.
5:38 of 3rd period - Michael Frolik is hit by Sam Gagner and loses puck.
6:07 of 3rd period - Chris Higgins is hit by Tyler Myers and loses puck.
6:18 of 3rd period - Matt Stajan is hit by Marco Scandella and loses puck.
6:41 of 3rd period - Maxim Lapierre is hit by Adam Henrique.
7:38 of 3rd period - Icing by Ilya Kovalchuk.
7:39 of 3rd period - Matt Stajan wins face-off versus Sam Gagner in Golden Knights zone.
8:03 of 3rd period - Icing by Jacob Trouba.
8:04 of 3rd period - Alex Tanguay wins face-off versus Sam Gagner in Jets zone.
8:05 of 3rd period - Wrist shot by Maxim Lapierre.
8:05 of 3rd period - Shot Blocked by Sam Gagner.
8:13 of 3rd period - Snap shot by Ilya Kovalchuk.
8:13 of 3rd period - Shot Misses the Net.
8:34 of 3rd period - Off-side.
8:35 of 3rd period - Andrei Loktionov wins face-off versus Derek Stepan in neutral zone.
8:38 of 3rd period - Slapshot by Michael Kostka.
8:38 of 3rd period - Stopped by Jonathan Bernier with a rebound.
8:45 of 3rd period - Off-side.
8:46 of 3rd period - Chris Higgins wins face-off versus Derek Stepan in neutral zone.
8:59 of 3rd period - Wrist shot by Michael Frolik.
8:59 of 3rd period - Shot Blocked by Adam Henrique.
9:01 of 3rd period - Slapshot by Zach Bogosian.
9:01 of 3rd period - Shot Blocked by Marco Scandella.
9:03 of 3rd period - Slapshot by Zach Bogosian.
9:03 of 3rd period - Shot Misses the Net.
9:57 of 3rd period - Snap shot by Derek Roy.
9:57 of 3rd period - Goal by Derek Roy - Jets : 3 - Golden Knights : 4.
9:58 of 3rd period - Andrei Loktionov wins face-off versus Derek Stepan in neutral zone.
10:01 of 3rd period - Derek Stepan is hit by Chris Higgins and loses puck.
10:15 of 3rd period - Icing by Zach Bogosian.
10:16 of 3rd period - Andrei Loktionov wins face-off versus Ryan Johansen in Golden Knights zone.
10:22 of 3rd period - Snap shot by Jared Cowen.
10:22 of 3rd period - Stopped by Jonathan Bernier with a rebound.
10:26 of 3rd period - Wrist shot by Chris Higgins.
10:26 of 3rd period - Stopped by Jonathan Bernier with a rebound.
10:28 of 3rd period - Snap shot by Michael Frolik.
10:28 of 3rd period - Stopped by Jonathan Bernier without a rebound.
10:29 of 3rd period - Derek Stepan wins face-off versus Matt Stajan in Jets zone.
10:52 of 3rd period - Icing by Ilya Kovalchuk.
10:53 of 3rd period - Matt Stajan wins face-off versus Ryan Johansen in Golden Knights zone.
11:20 of 3rd period - Wrist shot by Kevin Hayes.
11:20 of 3rd period - Shot Misses the Net.
11:22 of 3rd period - Snap shot by Derek Roy.
11:22 of 3rd period - Stopped by Robin Lehner without a rebound.
11:23 of 3rd period - Matt Stajan wins face-off versus Derek Roy in Golden Knights zone.
11:28 of 3rd period - Wrist shot by Derek Roy.
11:28 of 3rd period - Shot Misses the Net.
11:30 of 3rd period - Wrist shot by Marco Scandella.
11:30 of 3rd period - Shot Blocked by Ole-Kristian Tollefsen.
11:32 of 3rd period - Snap shot by Tyler Myers.
11:32 of 3rd period - Deflect By Ilya Kovalchuk.
11:32 of 3rd period - Stopped by Robin Lehner without a rebound.
11:33 of 3rd period - Derek Stepan wins face-off versus Matt Stajan in Golden Knights zone.
11:54 of 3rd period - Snap shot by Wayne Simmonds.
11:54 of 3rd period - Stopped by Jonathan Bernier with a rebound.
12:01 of 3rd period - Slapshot by Matt Stajan.
12:01 of 3rd period - Shot Misses the Net.
12:11 of 3rd period - Snap shot by Matt Stajan.
12:11 of 3rd period - Goal by Matt Stajan - Jets : 3 - Golden Knights : 5.
12:12 of 3rd period - Ryan Johansen wins face-off versus Andrei Loktionov in neutral zone.
12:20 of 3rd period - Minor Penalty to Michael Frolik for Hooking.
12:21 of 3rd period - Ilya Kovalchuk wins face-off versus Derek Stepan in Golden Knights zone.
12:27 of 3rd period - Wrist shot by Nino Niederreiter.
12:27 of 3rd period - Stopped by Robin Lehner without a rebound.
12:28 of 3rd period - Derek Stepan wins face-off versus Ilya Kovalchuk in Golden Knights zone.
13:16 of 3rd period - Icing by Adam Henrique.
13:17 of 3rd period - Matt Stajan wins face-off versus Derek Stepan in Jets zone.
13:18 of 3rd period - Wrist shot by Alex Tanguay.
13:18 of 3rd period - Stopped by Jonathan Bernier without a rebound.
13:19 of 3rd period - Derek Stepan wins face-off versus Ilya Kovalchuk in Jets zone.
13:26 of 3rd period - Wrist shot by Marco Scandella.
13:26 of 3rd period - Stopped by Robin Lehner without a rebound.
13:27 of 3rd period - Ilya Kovalchuk wins face-off versus Derek Stepan in Golden Knights zone.
13:40 of 3rd period - Jared Cowen is hit by Tyler Myers and loses puck.
13:47 of 3rd period - Wrist shot by Adam Henrique.
13:47 of 3rd period - Goal by Adam Henrique - Jets : 4 - Golden Knights : 5.
13:48 of 3rd period - Derek Stepan wins face-off versus Andrei Loktionov in neutral zone.
14:04 of 3rd period - Wrist shot by Andrei Loktionov.
14:04 of 3rd period - Shot Blocked by Bobby Ryan.
14:15 of 3rd period - Minor Penalty to Ilya Kovalchuk for Holding.
14:16 of 3rd period - Michael Frolik wins face-off versus Derek Stepan in Golden Knights zone.
14:26 of 3rd period - Snap shot by Derek Stepan.
14:26 of 3rd period - Stopped by Robin Lehner with a rebound.
14:28 of 3rd period - Slapshot by Marco Scandella.
14:28 of 3rd period - Deflect By Nino Niederreiter.
14:28 of 3rd period - Shot Blocked by Jared Cowen.
14:28 of 3rd period - Puck is out of play.
14:29 of 3rd period - Michael Frolik wins face-off versus Derek Stepan in Golden Knights zone.
14:42 of 3rd period - Snap shot by Nino Niederreiter.
14:42 of 3rd period - Shot Hit the Post.
14:44 of 3rd period - Slapshot by Nino Niederreiter.
14:44 of 3rd period - Shot Blocked by Michael Frolik.
14:54 of 3rd period - Marco Scandella is hit by Michael Frolik and loses puck.
15:26 of 3rd period - Wrist shot by Bobby Ryan.
15:26 of 3rd period - Stopped by Robin Lehner with a rebound.
15:28 of 3rd period - Snap shot by Tyler Myers.
15:28 of 3rd period - Stopped by Robin Lehner without a rebound.
15:29 of 3rd period - Derek Stepan wins face-off versus Maxim Lapierre in Golden Knights zone.
16:15 of 3rd period - Penalty to Ilya Kovalchuk is over, Ilya Kovalchuk is back on ice.
16:39 of 3rd period - Icing by Eric Gelinas.
16:40 of 3rd period - Derek Roy wins face-off versus Matt Stajan in Jets zone.
16:40 of 3rd period - Derek Roy is hit by Ilya Kovalchuk.
17:05 of 3rd period - Minor Penalty to Marco Scandella for Hooking.
17:06 of 3rd period - Andrei Loktionov wins face-off versus Erik Haula in Jets zone.
17:10 of 3rd period - Wrist shot by Ilya Kovalchuk.
17:10 of 3rd period - Goal by Ilya Kovalchuk - Jets : 4 - Golden Knights : 6.
17:11 of 3rd period - Maxim Lapierre wins face-off versus Derek Roy in neutral zone.
17:36 of 3rd period - Marco Scandella is hit by Chris Higgins and loses puck.
18:01 of 3rd period - Snap shot by Marcus Johansson.
18:01 of 3rd period - Stopped by Robin Lehner with a rebound.
18:18 of 3rd period - Minor Penalty to Nathan Paetsch for High sticking.
18:19 of 3rd period - Derek Stepan wins face-off versus Ilya Kovalchuk in Golden Knights zone.
18:20 of 3rd period - Wrist shot by Adam Henrique.
18:20 of 3rd period - Shot Misses the Net.
18:46 of 3rd period - Zach Bogosian is hit by Marcus Johansson.
18:55 of 3rd period - Off-side.
18:56 of 3rd period - Ilya Kovalchuk wins face-off versus Derek Stepan in neutral zone.
19:21 of 3rd period - Andrei Loktionov is hit by Bobby Ryan and loses puck.
19:28 of 3rd period - Snap shot by Ryan Johansen.
19:28 of 3rd period - Shot Blocked by Andrei Loktionov.
Goals for this period are 2 for Jets vs 3 for Golden Knights.
Shots for this period are 13 for Jets vs 9 for Golden Knights.